 Dungeon Crawl Stone Soup version 0.27-a0-1123-g2f9bb313c0 (webtiles) character file.

Game seed: 8860300377602142160

1392 Zeld the Shield-Bearer (level 8, -6/58 HPs)
             Began as an Octopode Fighter on May 3, 2021.
             Killed by nerve-wracking pain
             ... invoked by an orc priest
              (14 damage)
             ... on level 6 of the Dungeon.
             The game lasted 00:07:11 (7495 turns).

Zeld the Shield-Bearer (Octopode Fighter)           Turns: 7495, Time: 00:07:12

Health: -6/58      AC:  1    Str: 18    XL:     8   Next: 68%
Magic:  8/8        EV: 12    Int: 10    God:
Gold:   800        SH: 11    Dex: 11    Spells: 7/7 levels left

rFire    . . .     SeeInvis .   a - +0 war axe
rCold    . . .     Faith    .   b - +1 kite shield
rNeg     . . .     Spirit   .   (helmet restricted)
rPois    .         Reflect  .   (no amulet)
rElec    .         Harm     .   (no ring)
rCorr    .         Rampage  .   (no ring)
Will     .....                  (no ring)
Stlth    ++........             (no ring)
HPRegen  0.19/turn              (no ring)
MPRegen  0.11/turn              (no ring)
                                (no ring)
                                (no ring)

@: no status effects
A: almost no armour, amphibious, 8 rings, camouflage 1, gelatinous body 1,
(nimble swimmer 1), tentacles
a: no special abilities


You were on level 6 of the Dungeon.
You visited 1 branch of the dungeon, and saw 6 of its levels.

You collected 800 gold pieces.

Inventory:

Hand Weapons
 a - a +0 war axe (weapon)
Armour
 b - a +1 kite shield (worn)
Wands
 o - a wand of paralysis (9)
Scrolls
 e - 2 scrolls of teleportation
 h - a scroll of magic mapping
 m - a scroll of identify
Potions
 c - a potion of ambrosia {unknown}
 d - 2 potions of heal wounds
 f - a potion of cancellation
 g - a potion of flight
 i - a potion of lignification {unknown}
 k - 2 potions of curing {unknown}
 l - 2 potions of berserk rage {unknown}


   Skills:
 * Level 6.7 Fighting
 * Level 6.2 Axes
 - Level 3.0 Dodging
 * Level 6.7 Shields


You had 7 spell levels left.
You didn't know any spells.
Your spell library contained the following spells:

 Spells                   Type           Power      Damage    Failure   Level
 Corona                   Hex            0%         N/A       73%         1
 Foxfire                  Conj/Fire      0%         2x1d4     73%         1
 Sandblast                Erth           0%         2d4       73%         1
 Ensorcelled Hibernation  Hex/Ice        0%         N/A       86%         2
 Passwall                 Tmut/Erth      0%         N/A       86%         2
 Confusing Touch          Hex            0%         N/A       97%         3
 Conjure Flame            Conj/Fire      0%         6-21      97%         3
 Dazzling Flash           Conj/Hex       0%         N/A       97%         3
 Inner Flame              Hex/Fire       0%         N/A       97%         3
 Stone Arrow              Conj/Erth      0%         3d7       97%         3
 Tukima's Dance           Hex            0%         N/A       97%         3
 Petrify                  Tmut/Erth      0%         N/A       100%        4
 Sticky Flame             Conj/Fire      0%         2d3       100%        4
 Fireball                 Conj/Fire      0%         3d3       100%        5
 Lee's Rapid Deconstruct  Erth           0%         3d5*      100%        5


Dungeon Overview and Level Annotations

Branches:
Dungeon (6/15)
 Temple: D:4-7

Altars:
Elyvilon
Fedhas
Hepliaklqana
Uskayaw
Xom

Annotations:
D:4 2 transporters, eooof's ghost, amateur DrAK
D:5 Pikel
D:6 Dowan; Duvessa


Innate Abilities, Weirdness & Mutations

You cannot wear most types of armour.
You are amphibious.
You can wear up to eight rings at the same time.
Your skin changes colour to match your surroundings (Stealth+).
Your rubbery body absorbs attacks. (AC +1, EV +1)
((You are camouflaged near water. (Stealth+)))
You have tentacles for arms and can constrict up to eight enemies at once.


Message History

HP restored.
Done exploring.
Done exploring.
Things that are here:
a +0 robe; a +0 dagger
There is a stone staircase leading down here.
You climb downwards.
Level annotation: Dowan; Duvessa
There is a stone staircase leading up here.
You now have 800 gold pieces (gained 11).
An iguana comes into view.
An iguana is nearby!
An iguana is nearby!
The iguana hisses angrily.
You hear a shout! x3
You barely miss the iguana. You grab the iguana. You constrict the iguana.
The iguana bites you.
You hit the iguana but do no damage.
The iguana is lightly wounded.
You constrict the iguana! The iguana bites you.
An orc priest comes into view. It is wielding a +4 short sword.
The iguana bites you!
You hit the iguana.
The iguana is heavily wounded.
You constrict the iguana. The iguana bites you!
The orc priest mumbles some strange prayers to Beogh against you.
Beogh smites you!
* * * LOW HITPOINT WARNING * * *
You are too injured to fight recklessly!
Unknown command.
You barely miss the iguana.
The iguana is severely wounded.
You constrict the iguana. The iguana closely misses you. The iguana bites you!
* * * LOW HITPOINT WARNING * * *
You completely miss the iguana.
The iguana is almost dead.
You constrict the iguana.
You kill the iguana!
The orc priest invokes the aid of Beogh against you.
Pain shoots through your body!
You die...

...
..##
...#
..#
o.#
#.#
#†#
#@#
#.#
#.#
#.#
#.#
#.#
#.#
#.#
#.#


You could see an orc priest.

Vanquished Creatures
  Grinder (D:3)
  Sigmund (D:3)
  Eustachio (D:4)
  An ogre (D:4)
  A black bear (D:4)
  2 centaurs
  A lemure (D:5)
  Blork the orc (D:5)
  A water moccasin zombie (D:5)
  2 hounds (D:4)
  A jelly (D:5)
  2 orc priests (D:5)
  2 iguanas
  Terence (D:3)
  2 orc wizards
  2 hound skeletons (D:4)
  A gnoll (D:4)
  A howler monkey skeleton (D:5)
  7 adders
  A worm (D:2)
  2 dart slugs
  10 orcs
  3 ball pythons
  2 endoplasms (D:4)
  4 giant cockroaches
  8 goblins
  5 hobgoblins
  13 jackals
  2 quokkas (D:4)
  4 bats
  4 frilled lizards
  9 kobolds
  6 rats (D:1)
104 creatures vanquished.

Notes
Turn   | Place    | Note
-------+----------+-------------------------------------------
     0 | D:1      | Zeld the Octopode Fighter began the quest for the Orb.
     0 | D:1      | Reached XP level 1. HP: 16/16 MP: 1/1
   216 | D:1      | Reached XP level 2. HP: 21/21 MP: 2/2
   943 | D:2      | Reached XP level 3. HP: 15/26 MP: 3/3
  1450 | D:2      | Found a faded altar of an unknown god.
  1629 | D:2      | Reached XP level 4. HP: 23/33 MP: 4/4
  2327 | D:3      | You fall into a shaft and drop 1 floor!
  2410 | D:4      | Found a transporter.
  2416 | D:4      | Noticed eooof's ghost (amateur DrAK)
  2442 | D:4      | Noticed a black bear
  2456 | D:4      | Killed a black bear
  2457 | D:4      | Reached XP level 5. HP: 9/37 MP: 5/5
  2722 | D:3      | Noticed a centaur
  2728 | D:3      | Killed a centaur
  2729 | D:3      | Reached XP level 6. HP: 31/44 MP: 6/6
  3075 | D:3      | Noticed Sigmund
  3175 | D:3      | Found a blossoming altar of Fedhas.
  3298 | D:3      | Noticed Grinder
  3312 | D:3      | Killed Grinder
  3313 | D:3      | Reached skill level 5 in Fighting
  3313 | D:3      | Reached skill level 5 in Shields
  3313 | D:3      | Reached XP level 7. HP: 10/50 MP: 7/7
  3790 | D:3      | Noticed Terence
  3797 | D:3      | Killed Terence
  4385 | D:4      | Reached skill level 5 in Axes
  4910 | D:4      | Found a shimmering altar of Xom.
  4993 | D:4      | Found a transporter.
  5053 | D:5      | Entered Level 5 of the Dungeon
  5053 | D:5      | Noticed Blork the orc
  5059 | D:5      | Noticed Eustachio
  5063 | D:5      | Killed Blork the orc
  5475 | D:4      | Killed Eustachio
  5476 | D:4      | Reached XP level 8. HP: 34/57 MP: 8/8
  6111 | D:5      | Identified a scroll of acquirement
  6120 | D:5      | Acquired 540 gold pieces
  6272 | D:5      | Noticed Pikel
  6370 | D:3      | Killed Sigmund
  6790 | D:5      | Found a hide-covered altar of Uskayaw.
  6791 | D:5      | Found a white marble altar of Elyvilon.
  7028 | D:5      | Found a hazy altar of Hepliaklqana.
  7312 | D:6      | Noticed Duvessa
  7312 | D:6      | Noticed Dowan
  7495 | D:6      | Killed from afar by an orc priest

Illustrated notes

Levels and vault maps discovered:
D:1:      minmay_arrival_open_corners, layout_loops_ring
D:2:      layout_basic, chequers_ecumenical_altar_grove
D:3:      layout_basic, fedhas_altar_2, uniq_sigmund, uniq_grinder, uniq_terence
D:4:      layout_basic, lemuel_round_altar, gammafunk_ghost_stat_death,
          cheibrodos_gnoll_hut
D:5:      layout_basic, chequers_temple_overflow_statue_of_worship,
          overflow_temple_1_default, minmay_misc_feat_more_columns,
          uniq_eustachio, uniq_pikel, uniq_blork_the_orc
D:6:      layout_loops_ring, nicolae_gozag_cash_rules_everything_around_me,
          nicolae_vehumet_radiance, minmay_temple_entry_grid, kennysheep_boxes,
          uniq_duvessa

Skill      XL: |  1  2  3  4  5  6  7  8 |
---------------+-------------------------+-----
Axes           | 3 4 5 6 |  6.2
Fighting       | 4 5 6 |  6.7
Shields        | 4 5 6 |  6.7
Dodging        | |  3.0

Action                   |  1- 3 |  4- 6 |  7- 9 || total
-------------------------+-------+-------+-------++-------
Melee: War axe           |    52 |    55 |   103 ||   210
       Constrict         |    15 |    15 |    27 ||    57
       Tentacles         |     7 |    10 |    22 ||    39
  Use: Potion            |       |     1 |     1 ||     2
       Scroll            |       |     8 |     4 ||    12
 Stab: Sleeping          |     5 |     1 |     5 ||    11
Armor: Skin              |     6 |     6 |     1 ||    13
Dodge: Dodged            |    29 |    32 |    42 ||   103
Block: Kite shield       |    32 |    28 |    59 ||   119

Table legend: (Time is in decaauts)
 A = Elapsed time spent in this place.
 B = Non-inter-level travel time spent in this place.
 C = Inter-level travel time spent in this place.
 D = Time resting spent in this place.
 E = Time spent auto-exploring this place.
 F = Levels seen in this place.
 G = Mean time per level.
                   A        B        C        D        E       F      G
               +--------+--------+--------+--------+--------+-----+--------+
         Total |   7590 |   7340 |    250 |   2244 |   4189 |   6 | 1265.0 |
       Dungeon |   7590 |   7340 |    250 |   2244 |   4189 |   6 | 1265.0 |
               +--------+--------+--------+--------+--------+-----+--------+

Top non-repeatable levels by time:
     D:4: 2066 daAuts
     D:3: 1729 daAuts
     D:5: 1356 daAuts
     D:1: 1214 daAuts
     D:2: 1187 daAuts
     D:6: 35 daAuts
